 Dungeon Crawl Stone Soup version 0.28-a0-178-ga708605c5b (webtiles) character file.

Game seed: 14054255237490290963

189 timneilson the Shield-Bearer (level 5, -5/33 HPs)
             Began as a Gargoyle Fighter on Aug 17, 2021.
             Slain by an ogre (6 damage)
             ... on level 3 of the Dungeon.
             The game lasted 00:04:10 (3108 turns).

timneilson the Shield-Bearer (Gargoyle Fighter)     Turns: 3108, Time: 00:04:11

Health: -5/33      AC: 14    Str: 20    XL:     5   Next: 68%
Magic:  5/5        EV:  5    Int:  9    God:
Gold:   102        SH:  9    Dex:  9    Spells: 4/4 levels left

rFire   . . .      SeeInvis .   a - +1 long sword
rCold   . . .      Faith    .   c - +1 kite shield
rNeg    + . .      Spirit   .   f - +0 chain mail
rPois   ∞          Reflect  .   i - +0 helmet
rElec   +          Harm     .   (no cloak)
rCorr   .          Rampage  .   (no gloves)
Will    .....                   (no boots)
Stlth   ..........              (no amulet)
HPRegen 0.11/turn               (no ring)
MPRegen 0.09/turn               (no ring)

@: no status effects
A: sickness immunity, AC +4, negative energy resistance 1, electricity
resistance, torment resistance 1, petrification resistance
a: no special abilities


You were on level 3 of the Dungeon.
You visited 1 branch of the dungeon, and saw 3 of its levels.

You collected 102 gold pieces.

Inventory:

Hand Weapons
 a - a +1 long sword (weapon)
Armour
 c - a +1 kite shield (worn)
 f - a +0 chain mail (worn)
 i - a +0 helmet (worn)
Scrolls
 b - a scroll of identify {unknown}
 h - 3 scrolls of fog
Potions
 d - a potion of lignification {unknown}
 e - 2 potions of heal wounds {unknown}
 g - a potion of berserk rage {unknown}
 k - a potion of cancellation {unknown}


   Skills:
 + Level 3.9 Fighting
 * Level 3.1 Long Blades
 * Level 4.5 Armour
 * Level 4.5 Shields


You had 4 spell levels left.
You didn't know any spells.
Your spell library was empty.

Dungeon Overview and Level Annotations

Branches:
Dungeon (3/15)

Altars:


Innate Abilities, Weirdness & Mutations

You are immune to sickness and miasma.
Your stone body is resilient. (AC +4)
You are immune to poison.
You resist negative energy. (rN+)
You are resistant to electric shocks. (rElec)
You are resistant to unholy torment.
You are immune to petrification.


Message History

Found a hunting sling.
You see here a +0 hunting sling.
Found a chain mail.
Found 5 boomerangs.
A ball python comes into view.
The ball python hisses angrily.
The ball python barely misses you. You block the ball python's attack.
The ball python bites you but does no damage.
You block the ball python's attack.
You barely miss the ball python. The ball python completely misses you.
The ball python grabs you. The ball python constricts you.
You hit the ball python.
You kill the ball python!
No target in view!
No target in view!
No target in view!
No target in view!
No target in view!
No target in view!
No target in view!
No target in view!
No target in view!
No target in view!
No target in view!
No target in view!
No target in view!
No target in view!
b - a scroll labelled TUBRE WIUWOCEU An ogre comes into view.
It is wielding a +0 giant spiked club.
The ogre shouts!
You block the ogre's attack.
You hit the ogre but do no damage.
The ogre hits you with a +0 giant spiked club!!
Ouch! That really hurt!
Your chain mail prevents you from hitting the ogre.
The ogre hits you with a +0 giant spiked club!
* * * LOW HITPOINT WARNING * * *
You hit the ogre but do no damage.
The ogre hits you with a +0 giant spiked club.
You die...

### ###### #..
.....# #.# .###.#
#.# .###.## #O#
......##########@#
#####............##
# #.#########...##
.. #
#..............##.#
#
#.#########...###.#
#####.# #...# #.# #
<.....# #...# #.#
.# .#.####
#...###.###.###
.#.#
#..............


You could see an ogre.

Vanquished Creatures
  A jelly (D:2)
  Robin (D:2)
  A gnoll (D:1)
  3 adders (D:2)
  2 worms (D:2)
  A dart slug (D:1)
  5 orcs
  15 endoplasms
  5 giant cockroaches
  15 goblins
  3 hobgoblins
  7 jackals (D:2)
  3 quokkas
  4 ball pythons
  5 bats
  3 frilled lizards
  13 kobolds
  4 rats
91 creatures vanquished.

Vanquished Creatures (others)
  3 fungi (D:2)
  6 toadstools (D:2)
9 creatures vanquished.

Grand Total: 100 creatures vanquished

Notes
Turn   | Place    | Note
-------+----------+-------------------------------------------
     0 | D:1      | timneilson the Gargoyle Fighter began the quest for the
                  | Orb.
     0 | D:1      | Reached XP level 1. HP: 14/14 MP: 1/1
   148 | D:1      | Reached XP level 2. HP: 14/19 MP: 2/2
   699 | D:1      | Reached XP level 3. HP: 23/23 MP: 3/3
  1332 | D:2      | Reached XP level 4. HP: 23/29 MP: 4/4
  1942 | D:2      | Reached XP level 5. HP: 33/33 MP: 5/5
  2142 | D:2      | Noticed Robin
  2160 | D:2      | Killed Robin
  3102 | D:3      | Noticed an ogre
  3107 | D:3      | HP: 1/33 [ogre (14)]
  3108 | D:3      | Slain by an ogre

Illustrated notes

Levels and vault maps discovered:
D:1:      shiori_shiawase, layout_basic
D:2:      cheibrodos_fertilizer, layout_basic, minmay_puff, uniq_robin
D:3:      layout_loops_ring

Skill      XL: |  1  2  3  4  5 |
---------------+----------------+-----
Long Blades    | 2 3 |  3.1
Armour         | 4 |  4.5
Shields        | 4 |  4.5
Fighting       | |  3.9

Action                   |  1- 3 |  4- 6 || total
-------------------------+-------+-------++-------
Melee: Long sword        |    85 |   185 ||   270
  Use: Scroll            |     4 |     2 ||     6
       Potion            |     1 |       ||     1
Armor: Scale mail        |    48 |   114 ||   162
       Chain mail        |       |     1 ||     1
Dodge: Dodged            |    25 |    65 ||    90
Block: Kite shield       |    46 |   107 ||   153
       Rpst.: Long sword |     9 |    16 ||    25

Table legend: (Time is in decaauts)
 A = Elapsed time spent in this place.
 B = Non-inter-level travel time spent in this place.
 C = Inter-level travel time spent in this place.
 D = Time resting spent in this place.
 E = Time spent auto-exploring this place.
 F = Levels seen in this place.
 G = Mean time per level.
                   A        B        C        D        E       F      G
               +--------+--------+--------+--------+--------+-----+--------+
         Total |   3240 |   3182 |     58 |      0 |   2489 |   3 | 1080.0 |
       Dungeon |   3240 |   3182 |     58 |      0 |   2489 |   3 | 1080.0 |
               +--------+--------+--------+--------+--------+-----+--------+

Top non-repeatable levels by time:
     D:2: 1838 daAuts
     D:1: 1102 daAuts
     D:3: 300 daAuts
